 Dungeon Crawl Stone Soup version 0.29-a0-330-g52719c12eb (webtiles) character file.

Game seed: 11340828229635809480

76 badteeth the Gusty (level 3, -2/25 (26) HPs)
             Began as a Demigod Air Elementalist on May 17, 2022.
             Slain by Crazy Yiuf
             ... wielding a +2 quarterstaff of chaos
              (16 damage)
             ... on level 2 of the Dungeon.
             The game lasted 00:10:54 (2566 turns).

badteeth the Gusty (Demigod Air Elementalist)       Turns: 2566, Time: 00:10:54

HP:   -2/25 (26)    AC:  6    Str:  9    XL:     3   Next: 89%
MP:   5/9           EV: 12    Int: 21    God:
Gold: 86            SH:  0    Dex: 14    Spells: 0/6 levels left

rFire   . . .      SeeInvis .   j - +1 whip (drain)
rCold   . . .      Faith    .   (no shield)
rNeg    . . .      Spirit   .   a - +0 robe
rPois   .          Reflect  .   (no helmet)
rElec   .          Harm     .   n - +0 cloak
rCorr   .          Rampage  .   (no gloves)
Will    .....                   m - +2 pair of boots
Stlth   ++........              l - amulet of regeneration
HPRegen 0.88/turn               (no ring)
MPRegen 0.11/turn               (no ring)

@: mighty, lightly drained
A: high MP 1, forlorn, divine attributes
a: no special abilities


You were on level 2 of the Dungeon.
You visited 1 branch of the dungeon, and saw 2 of its levels.

You collected 86 gold pieces.

Inventory:

Hand Weapons
 d - a +0 short sword of draining
 j - a +1 whip of draining (weapon)
 p - a +0 dagger of freezing
Armour
 a - a +0 robe (worn)
 m - a +2 pair of boots (worn)
 n - a +0 cloak (worn)
Jewellery
 e - a ring of fire
 l - an amulet of regeneration (around neck)
Scrolls
 f - a scroll of enchant armour {unknown}
 g - a scroll of teleportation {unknown}
 h - 2 scrolls of fog {unknown}
 i - 3 scrolls of identify {unknown}
 k - a scroll of immolation {unknown}
 q - a scroll of torment {unknown}
Potions
 b - a potion of magic
 c - a potion of curing {unknown}
 o - 2 potions of brilliance {unknown}


   Skills:
 + Level 2.1 Dodging
 + Level 2.1 Stealth
 * Level 2.3 Spellcasting
 * Level 1.9 Conjurations
 * Level 3.4 Air Magic


You couldn't memorise any spells.
You knew the following spells:

 Your Spells              Type           Power      Damage    Failure   Level
a - Shock                 Conj/Air       52%        1d6       4%          1
b - Poisonous Vapours     Pois/Air       18%        N/A       11%         2
c - Swiftness             Air            16%        N/A       11%         3

Your spell library contained the following spells:

 Spells                   Type           Power      Damage    Failure   Level
 Static Discharge         Conj/Air       13%        N/A       7%          2
 Animate Skeleton         Necr           4%         N/A       14%         1
 Apportation              Tloc           4%         N/A       14%         1
 Sting                    Tmut/Pois      8%         1d3       14%         1
 Summon Small Mammal      Summ           8%         N/A       14%         1
 Airstrike                Air            8%         N/A       34%         4
 Ozocubu's Armour         Ice            2%         N/A       38%         3
 Lightning Bolt           Conj/Air       6%         1d18      78%         5
 Olgreb's Toxic Radiance  Pois           2%         N/A       80%         4
 Metabolic Englaciation   Hex/Ice        1%         N/A       98%         5
 Simulacrum               Ice/Necr       1%         N/A       100%        6
 Maxwell's Capacitive Co  Air            8%         ∞         100%        8


Dungeon Overview and Level Annotations

Branches:
Dungeon (2/15)

Shops:
D:2 *

Annotations:
D:2 Crazy Yiuf


Innate Abilities, Weirdness & Mutations

You have an increased reservoir of magic. (+10% MP)
You shall have no god before yourself.
Your divine heritage dramatically boosts your attributes as you level up.


Message History

Crazy Yiuf says, "Shower!
Two rumpyflump light."
Crazy Yiuf attacks as you move away! Crazy Yiuf barely misses you.
Crazy Yiuf laughs, "Whippet bush forty-two!"
Crazy Yiuf twirls on the spot.
Crazy Yiuf attacks as you move away! Crazy Yiuf barely misses you.
Crazy Yiuf attacks as you move away!
Crazy Yiuf hits you with a +2 quarterstaff of chaos!
Crazy Yiuf freezes you.
* * * LOW HITPOINT WARNING * * *
Crazy Yiuf attacks as you move away! Crazy Yiuf closely misses you.
There is an escape hatch in the ceiling here.
Crazy Yiuf yells, "Proton!"
You see here a +0 robe.
Crazy Yiuf attacks as you move away! Crazy Yiuf hits you but does no damage.
Crazy Yiuf sings, "Trees, trees, trees, circus!"
Crazy Yiuf laughs, "Rot!"
Crazy Yiuf attacks as you move away! Crazy Yiuf closely misses you.
Crazy Yiuf attacks as you move away! Crazy Yiuf completely misses you.
Crazy Yiuf whimpers, "Shadow pizzabubble noodlescoop!"
Crazy Yiuf says, "Crazy?
Crazy!?
PORCUPINE!"
Casting: Shock (safe; 4% risk of failure)
Confirm with . or Enter, or press ? or * to list all spells.
Okay, then.
Casting: Shock (safe; 4% risk of failure)
Confirm with . or Enter, or press ? or * to list all spells.
Aiming: Poisonous Vapours (safe; 11% risk of failure)
Press: ? - help, Dir - move target, f/p - Crazy Yiuf
Aim: Crazy Yiuf, wielding a +2 quarterstaff of chaos and wearing a +0 cloak (moderately wounded) Poisonous vapours surround Crazy Yiuf!
Crazy Yiuf is poisoned.
Crazy Yiuf hits you with a +2 quarterstaff of chaos.
You feel your power leaking away. Crazy Yiuf attacks as you move away!
Crazy Yiuf hits you with a +2 quarterstaff of chaos!
You feel very mighty all of a sudden.
Crazy Yiuf cries, "Hack wrapper action!"
There is an open door here.
Crazy Yiuf attacks as you move away!
Crazy Yiuf hits you with a +2 quarterstaff of chaos!
Ouch! That really hurt!
You die...

############################
#>[..<......................
#.##########....############
##
#.####.#####....############
.#
#.........g@................
†#
#.#.....####....############
.#####.#.....# #....# #
.......#.....# #....# ##
########.....# #....# #.
#.....# #....# #+ #.....#
###### ♣♣ #.....# ♣.
#.....### ♣♣


You could see Crazy Yiuf (poisoned).

Vanquished Creatures
  3 adders (D:2)
  2 worms (D:2)
  A dart slug (D:1)
  6 endoplasms
  3 goblins
  4 hobgoblins
  3 ball pythons (D:1)
  4 bats
  10 frilled lizards (D:2)
  3 kobolds (D:1)
  4 rats
43 creatures vanquished.

Vanquished Creatures (others)
  16 plants (D:1)
16 creatures vanquished.

Grand Total: 59 creatures vanquished

Notes
Turn   | Place    | Note
-------+----------+-------------------------------------------
     0 | D:1      | badteeth the Demigod Air Elementalist began the quest for
                  | the Orb.
     0 | D:1      | Reached XP level 1. HP: 14/14 MP: 5/5
   255 | D:1      | Reached skill level 1 in Conjurations
   255 | D:1      | Reached skill level 3 in Air Magic
   375 | D:1      | Reached XP level 2. HP: 20/20 MP: 5/7
   447 | D:1      | Learned a level 2 spell: Poisonous Vapours
  1412 | D:2      | Reached XP level 3. HP: 26/26 MP: 0/8
  2199 | D:2      | Found a runed translucent door.
  2204 | D:2      | Learned a level 3 spell: Swiftness
  2204 | D:2      | Noticed Crazy Yiuf
  2443 | D:2      | Found Haddoeh's General Store.
  2566 | D:2      | Slain by Crazy Yiuf

Illustrated notes

Levels and vault maps discovered:
D:1:      roderic_crop_circles_arrival_large, layout_loops_ring
D:2:      layout_basic, shapermc_ecumenical_altar_mp_highgroup, serial_shops,
          shop, minmay_lizard_pond, uniq_crazy_yiuf_cottage

Skill      XL: |  1  2 |
---------------+-------+-----
Conjurations   | 1 |  1.9
Air Magic      | 3 |  3.4
Spellcasting   | 2 |  2.3
Dodging        | 2 |  2.1
Stealth        | 2 |  2.1

Action                   || total
-------------------------++-------
Melee: Unarmed           ||     3
       Punch             ||     2
       Whip              ||    57
       Short sword       ||     1
 Cast: Shock             ||    63
       Poisonous Vapours ||    11
 Stab: Sleeping          ||     3
Armor: Robe              ||    29
Dodge: Dodged            ||    67

Table legend: (Time is in decaauts)
 A = Elapsed time spent in this place.
 B = Non-inter-level travel time spent in this place.
 C = Inter-level travel time spent in this place.
 D = Time resting spent in this place.
 E = Time spent auto-exploring this place.
 F = Levels seen in this place.
 G = Mean time per level.
                   A        B        C        D        E       F      G
               +--------+--------+--------+--------+--------+-----+--------+
         Total |   2569 |   2556 |     13 |    274 |   1800 |   2 | 1284.5 |
       Dungeon |   2569 |   2556 |     13 |    274 |   1800 |   2 | 1284.5 |
               +--------+--------+--------+--------+--------+-----+--------+

Top non-repeatable levels by time:
     D:2: 1611 daAuts
     D:1: 958 daAuts
